 Dungeon Crawl Stone Soup version 0.31-a0-859-g9dce7d3444 (webtiles) character file.

Game seed: 17611296171492753139

156 BinkBink the Chopper (level 5, -3/48 HPs)
             Began as a Minotaur Berserker on Oct 10, 2023.
             Was a Believer of Trog.
             Splashed by a jelly's acid (9 damage)
             ... on level 4 of the Dungeon.
             The game lasted 00:01:48 (1550 turns).

BinkBink the Chopper (Minotaur Berserker)           Turns: 1550, Time: 00:01:51

Health: -3/48      AC: -9    Str: 24    XL:     5   Next: 15%
Magic:  4/4        EV: 12    Int:  4    God:    Trog [**....]
Gold:   152        SH:  0    Dex:  9    Spells: 4/4 levels left

rFire   . . .        a - +0 hand axe
rCold   . . .        (no shield)
rNeg    . . .        b - +0 animal skin
rPois   .            (helmet restricted)
rElec   .            (no cloak)
rCorr   .            (no gloves)
SInv    .            (no boots)
Will    .....        (no amulet)
Stlth   +            d - +4 ring of protection
HPRegen 0.28/turn    (no ring)
MPRegen 0.09/turn

%: no passive effects
@: corroded
A: horns 2, retaliatory headbutt
a: Renounce Religion, Berserk, Trog's Hand


You were on level 4 of the Dungeon.
You worshipped Trog.
Trog was pleased with you.
You visited 1 branch of the dungeon, and saw 4 of its levels.

You collected 152 gold pieces.

Inventory:

Hand Weapons
 a - a +0 hand axe (weapon)
Missiles
 k - a throwing net
Armour
 b - a +0 animal skin (worn)
Jewellery
 d - a +4 ring of protection (left hand)
 e - a ring of ice
 m - a +5 ring of evasion
Scrolls
 f - a scroll of identify {unknown}
 h - a scroll of noise {unknown}
 i - a scroll of vulnerability {unknown}
 l - a scroll of teleportation {unknown}
Potions
 c - a potion of mutation {unknown}
 g - a potion of curing {unknown}
 j - a potion of brilliance {unknown}


   Skills:
 + Level 5.0 Fighting
 * Level 6.1 Axes
 - Level 2.4 Armour
 - Level 2.1 Dodging


You had 4 spell levels left.
You didn't know any spells.
Your spell library was empty.

Dungeon Overview and Level Annotations

Branches:
Dungeon (4/15)
 Temple: D:4-7

Altars:
Kikubaaqudgha

Shops:
D:2 :


Innate Abilities, Weirdness & Mutations

You have a pair of horns on your head.
You reflexively headbutt those who attack you in melee.


Message History

You furiously retaliate!
You headbutt the vampire bat.
The vampire bat bites you but does no damage.
You closely miss the vampire bat. You headbutt the vampire bat.
You destroy the vampire bat!
Trog accepts your kill.
You miss the vampire bat. The vampire bat barely misses you.
You furiously retaliate!
You headbutt the vampire bat!
You destroy the vampire bat!
Trog accepts your kill.
Your Fighting skill increases to level 5!
Your Axes skill increases to level 6!
You have reached level 5!
There is a dry fountain here.
There is an open gate here.
Found 6 stones.
Done exploring.
Done exploring.
You see here a +0 dagger.
There is a stone staircase leading down here.
You climb downwards.
There is a stone staircase leading up here.
Found a book of Touch.
A jelly comes into view.
A jelly is nearby!
The jelly hits you. The acid corrodes you!
You are splashed with acid!
You hit the jelly but do no damage.
Your hands burn!
The jelly hits you. The acid corrodes you!
You are splashed with acid!
You hit the jelly. The acid corrodes you!
Your hands burn!
The jelly is lightly wounded.
The jelly hits you. The acid corrodes you!
You are splashed with acid!
* * * LOW HITPOINT WARNING * * *
You are too injured to fight recklessly!
You hit the jelly but do no damage.
Your hands burn!
* * * LOW HITPOINT WARNING * * *
Your headbutt misses the jelly. You punch the jelly, but do no damage.
The jelly is lightly wounded.
The jelly hits you.
* * * LOW HITPOINT WARNING * * *
You are splashed with acid!
You die...

.#########.#..###.
##.# ..# ##..##
..# ##....## .#
#......## ..
#..#.....## .
#.###......# ..#
#..###..... ..
#.@# #..#.. #J.#
.:.. ....# ....
#....# ....
....... ...
...####. #... #
...


You could see a jelly.

Vanquished Creatures
  2 vampire bats (D:3)
  2 adders (D:3)
  5 dart slugs
  A bat skeleton (D:3)
  5 bat zombies (D:3)
  5 endoplasms
  4 giant cockroaches (D:2)
  2 goblins (D:1)
  2 hobgoblins
  3 quokkas
  4 ball pythons
  2 bats (D:1)
  A frilled lizard (D:2)
  9 kobolds
  5 rats
52 creatures vanquished.

Notes
Turn   | Place    | Note
-------+----------+-------------------------------------------
     0 | D:1      | BinkBink the Minotaur Berserker began the quest for the
                  | Orb.
     0 | D:1      | Reached XP level 1. HP: 19/19 MP: 0/0
    36 | D:1      | Reached skill level 4 in Axes
    89 | D:1      | Reached XP level 2. HP: 27/27 MP: 1/1
   171 | D:1      | Found a faded altar of an unknown god.
   756 | D:2      | Reached XP level 3. HP: 33/33 MP: 2/2
   796 | D:2      | Reached ** piety under Trog
  1017 | D:2      | Found Katt's Book Shoppe.
  1096 | D:2      | You fall into a shaft and drop 1 floor!
  1138 | D:3      | Reached skill level 5 in Axes
  1309 | D:3      | Reached XP level 4. HP: 40/41 MP: 3/3
  1380 | D:3      | Found an ancient bone altar of Kikubaaqudgha.
  1392 | D:3      | Reached skill level 5 in Fighting
  1392 | D:3      | Reached skill level 6 in Axes
  1392 | D:3      | Reached XP level 5. HP: 46/48 MP: 4/4
  1550 | D:4      | Splashed by a jelly's acid

Illustrated notes

Levels and vault maps discovered:
D:1:      dpeg_arrival_simpleton_b, layout_basic, ebering_ecumenical_altar_box
D:2:      layout_basic, serial_shops, shop, kennysheep_nondescript
D:3:      layout_rooms, kennysheep_vampire_church, minmay_misc_feat_tower
D:4:      layout_layer_cave, kennysheep_mini_moat, nicolae_overflows_in_rows,
          doesnt_xom_only_xom, nicolae_shop_sticking_my_neck_out

Skill      XL: |  1  2  3  4 |
---------------+-------------+-----
Axes           | 4 5 6 |  6.1
Fighting       | 4 5 |  5.0
Armour         | |  2.4
Dodging        | |  2.1

Action                     |  1- 3 |  4- 6 || total
---------------------------+-------+-------++-------
  Melee: Hand axe          |    89 |    25 ||   114
         Headbutt          |    10 |     3 ||    13
         Punch             |     1 |     1 ||     2
   Stab: Sleeping          |     1 |       ||     1
 Armour: Animal skin       |    42 |    28 ||    70
  Dodge: Dodged            |    54 |    21 ||    75

Table legend: (Time is in decaauts)
 A = Elapsed time spent in this place.
 B = Non-inter-level travel time spent in this place.
 C = Inter-level travel time spent in this place.
 D = Time resting spent in this place.
 E = Time spent auto-exploring this place.
 F = Levels seen in this place.
 G = Mean time per level.
                   A        B        C        D        E       F      G
               +--------+--------+--------+--------+--------+-----+--------+
         Total |   1556 |   1503 |     53 |      0 |   1209 |   4 |  389.0 |
       Dungeon |   1556 |   1503 |     53 |      0 |   1209 |   4 |  389.0 |
               +--------+--------+--------+--------+--------+-----+--------+

Top non-repeatable levels by time:
     D:1: 636 daAuts
     D:2: 464 daAuts
     D:3: 437 daAuts
     D:4: 18 daAuts
